 Dungeon Crawl Stone Soup version 0.19-a0-1454-g889e34b (webtiles) character file.

81749 Gorfmaster the Bludgeoner (level 15, -5/100 HPs)
             Began as a Gargoyle Berserker on Aug 31, 2016.
             Was the Champion of Trog.
             Slain by an ettin
             ... wielding a cursed -3 dire flail
              (22 damage)
             ... on level 15 of the Dungeon on Sept 5, 2016.
             The game lasted 03:14:33 (20517 turns).

Gorfmaster the Bludgeoner (Gargoyle Berserker)     Turns: 20517, Time: 03:14:34

Health: -5/100     AC: 43    Str: 33    XL:     15   Next: 71%
Magic:  1/15       EV: 13    Int: 12    God:    Trog [******]
Gold:   1973       SH:  0    Dex:  9    Spells: 0 memorised, 14 levels left

rFire  . . .     SeeInvis +     o - +4 dire flail (protect)
rCold  + . .     Gourm    .     B - +1 plate armour of the King {*Contam Str+6 Int+4}
rNeg   + . .     Faith    .     (shield currently unavailable)
rPois  ∞         Spirit   .     k - +2 helmet {SInv}
rElec  +         Dismiss  .     r - +1 cloak of Starlight {rElec rC+ EV+4 Stlth--}
rCorr  .         Reflect  .     E - +0 pair of gloves
MR     ++...     Harm     .     (no boots)
Stlth  ..........               (no amulet)
                                b - +2 ring of protection
                                A - ring of protection from magic

@: flying, very slightly contaminated, hasted, very quick
A: big wings, negative energy resistance 1, electricity resistance, wild magic
1, unbreathing, petrification resistance, rot immunity, AC +11
a: Stop Flying, Berserk, Trog's Hand, Brothers in Arms, Burn Spellbooks,
Renounce Religion


You were on level 15 of the Dungeon.
You worshipped Trog.
Trog was exalted by your worship.
You were not hungry.

You visited 3 branches of the dungeon, and saw 23 of its levels.

You collected 2740 gold pieces.
You spent 767 gold pieces at shops.

Inventory:

Hand Weapons
 o - a +4 dire flail of protection (weapon)
 v - a +7 dire flail of holy wrath
 z - a +4 antimagic great mace
Armour
 k - a +2 helmet of see invisible (worn)
 r - the +1 cloak of Starlight (worn) {rElec rC+ EV+4 Stlth--}
   (You found it on level 7 of the Dungeon)

   It affects your evasion (+4).
   It protects you from cold.
   It insulates you from electricity.
   It makes you much less stealthy.
 x - a +0 shield
 B - the +1 plate armour of the King (worn) {*Contam Str+6 Int+4}
   (You bought it in a shop on level 5 of the Dungeon)

   It affects your strength (+6).
   It affects your intelligence (+4).
   It causes magical contamination when unequipped.
 E - a +0 pair of gloves (worn)
Jewellery
 b - a +2 ring of protection (right hand)
 g - an uncursed ring of protection from fire
 h - an uncursed ring of resist corrosion
 j - an uncursed ring of protection from cold
 A - a ring of protection from magic (left hand)
 D - a +2 ring of evasion
Wands
 F - a wand of disintegration (5/24)
 I - a wand of hasting (4/9)
 K - a wand of slowing (37/48)
 L - a wand of disintegration (13/24)
 P - a wand of digging (9/24)
 T - a wand of acid (6/15)
 U - a wand of polymorph (13/24)
 V - a wand of flame (20/48)
 Y - a wand of confusion (33/48)
Scrolls
 a - a scroll of summoning
 d - a scroll of silence
 e - 3 scrolls of enchant weapon
 n - 4 scrolls of teleportation
 s - 2 scrolls of blinking
 w - 9 scrolls of remove curse
 y - 4 scrolls of fog
 G - a scroll of identify
 J - 4 scrolls of enchant armour
 Q - 3 scrolls of fear
 S - 2 scrolls of recharging
Potions
 f - a potion of berserk rage
 l - 4 potions of haste
 p - 3 potions of might
 q - a potion of resistance
 t - 6 potions of agility
 C - 7 potions of curing
 H - a potion of cancellation
 R - 4 potions of invisibility
 X - a potion of cure mutation
Books
 W - a book of Cantrips

   Spells                             Type                      Level
   a - Confusing Touch                Hexes                        1
   b - Animate Skeleton               Necromancy                   1
   c - Summon Small Mammal            Summoning                    1
   d - Apportation                    Translocation                1
   Trog disapproves of the use of such an item.
 Z - a book of Alchemy

   Spells                             Type                      Level
   a - Sublimation of Blood           Necromancy                   2
   b - Ignite Poison                  Fire/Transmutation/Poison    3
   c - Petrify                        Transmutation/Earth          4
   d - Alistair's Intoxication        Transmutation/Poison         5
   e - Irradiate                      Conjuration/Transmutation    5
   Trog disapproves of the use of such an item.
Comestibles
 c - 8 bread rations
 i - 3 chunks of flesh
 m - 5 slices of pizza
 u - 9 meat rations
 M - 10 royal jellies
 N - 16 fruits
 O - 3 beef jerkies


   Skills:
 + Level 14.0 Fighting
 + Level 19.3 Maces & Flails
 + Level 14.0 Armour
 - Level 1.5 Dodging


You had 14 spell levels left.
You didn't know any spells.

Dungeon Overview and Level Annotations

Branches:
Dungeon (15/15)            Temple (0/1) D:6            Lair (6/6) D:10
  Swamp (0/4) Lair:3        Snake (0/4) Lair:4        Slime (0/5) Lair:6
    Orc (2/2) D:9             Elf (0/3) Orc:2        Vaults (0/5) D:13
 Depths: D:15

Altars:
Cheibriados
Kikubaaqudgha
Yredelemnul
The Shining One
Jiyva

Shops:
D:5 [   D:9 [*   D:14 %   Orc:2 *(:[

Portals:
Sewer: D:4


Innate Abilities, Weirdness & Mutations

You are resistant to torment.
Your stone body is resilient. (AC +11)
You are immune to poison.
Your large and strong wings let you fly indefinitely.
You resist negative energy. (rN+)
You are resistant to electric shocks. (rElec)
You can survive without breathing.
You are immune to petrification.
You are immune to rotting.
Your spells are a little harder to cast, but a little more powerful.


Message History

The eye of draining gazes at you.
You feel your power leaking away.
You puncture the eye of draining!
The eye of draining is moderately wounded.
The hill giant hits you with a giant club!!
* * * LOW HITPOINT WARNING * * *
The eye of draining gazes at you.
You feel your power leaking away.
Zapping:
U - a wand of polymorph (14/24)
Press: ? - help, Shift-Dir - straight line, f - eye of draining
Aim: an eye of draining (lightly wounded, chance to defeat MR: 15%)
The eye of draining resists with almost no effort.
This wand has 13 charges left.
The ettin hits you but does no damage. x2
Zapping:
I - a wand of hasting (5/9)
Press: ? - help, Shift-Dir - straight line, f - you, p - eye of draining You feel yourself speed up.
You are very lightly contaminated with residual magic.
This wand has 4 charges left.
The ettin hits you but does no damage. The ettin hits you with a great mace!!
You die...

##.#...###.#
#..........#
#..........#
#..........#
#######.#†..#
#.......#...###.#
#<#####....C....#
#.#####)##C######
##.###.#......@.#
....[[....###.####
###.###.........
#########.# ..# .#
#


You could see an ettin and a hill giant.

Vanquished Creatures
  Rupert (D:12)
  Frances (D:13)
  Gastronok (D:10)
  An orc warlord (Orc:2)
  The ghost of Lasiace the Fighter, a journeyman OpTm of Cheibriados (Lair:6)
  Nessos (Lair:6)
  The ghost of Ryco the Cleaver, a journeyman DsBe of Trog (Lair:6)
  A fire dragon (Lair:6)
  Snorg (Lair:6)
  Josephine (D:13)
  A vault guard (D:13)
  Harold (Lair:2)
  Erolcha (D:13)
  10 hydras
  Erica (Orc:1)
  2 centaur warriors
  3 orc high priests (Orc:2)
  A tengu warrior (D:14)
  A fire crab (Lair:6)
  An unseen horror (D:14)
  A skeletal warrior (D:13)
  2 lindwurms (Lair:6)
  5 hill giants
  4 orc knights (Orc:2)
  6 ugly things
  2 griffons (Lair:6)
  Pikel (D:4)
  3 orc sorcerers (Orc:2)
  A deep elf mage (D:13)
  A manticore (D:12)
  2 cyclopes
  Maurice (D:8)
  5 elephants (Lair:6)
  A guardian serpent (Lair:4)
  6 black mambas
  8 torpor snails
  9 spiny frogs
  6 komodo dragons
  4 rime drakes
  5 trolls
  2 tengu conjurers (D:14)
  A jumping spider (shapeshifter) (D:13)
  2 meliai (D:13)
  2 polar bears (Lair:3)
  4 blink frogs (Lair:6)
  A two-headed ogre (D:12)
  11 dream sheep
  3 giant leeches (Lair:6)
  A boulder beetle (Lair:4)
  Sigmund (D:5)
  4 fire bats (Lair:4)
  5 wraiths
  2 wyverns
  34 yaks
  2 basilisks
  5 vampire mosquitoes (Lair:3)
  3 hungry ghosts
  A steam dragon (D:9)
  7 hippogriffs
  Menkaure (D:6)
  A warg (Orc:2)
  A mottled dragon (D:15)
  3 soldier ants
  Edmund (D:6)
  16 water moccasins
  10 porcupines
  28 orc warriors
  10 wasps
  3 ice beasts
  A necrophage (D:8)
  A black bear (D:6)
  2 sky beasts
  A slave (D:4)
  A centaur (D:7)
  A phantom (D:8)
  7 ogres
  6 wolves (Lair:5)
  11 crocodiles
  A big kobold (D:7)
  14 giant frogs
  2 wyvern skeletons
  A wyvern zombie (D:8)
  A water moccasin skeleton (D:11)
  A scorpion (D:12)
  5 killer bees (D:9)
  10 wights
  9 howler monkeys
  3 electric eels
  4 centaur zombies
  4 crimson imps
  5 centaur skeletons
  2 jellies
  4 hounds
  2 giant frog skeletons
  11 iguanas
  14 orc priests
  12 orc wizards
  Crazy Yiuf (D:7)
  Jessica (D:2)
  14 worker ants
  9 adders
  A gnoll (D:7)
  39 river rats
  5 shadow imps
  2 oozes
  An adder skeleton (D:7)
  5 worms
  2 dart slugs
  8 giant geckos
  57 orcs
  21 bats
  13 giant cockroaches
  14 goblins
  7 hobgoblins
  9 jackals
  6 quokkas
  4 ball pythons
  2 giant gecko zombies
  5 giant newts
  A jackal skeleton (D:5)
  13 kobolds
  13 rats
659 creatures vanquished.

Vanquished Creatures (collateral kills)
  2 skeletal warriors (D:13)
  A meliai (D:13)
  2 orc wizards (D:13)
  2 orcs (D:13)
7 creatures vanquished.

Vanquished Creatures (others)
  10 fungi
  15 plants
25 creatures vanquished.

Grand Total: 691 creatures vanquished

Notes
Turn   | Place    | Note
-------+----------+-------------------------------------------
     0 | D:1      | Gorfmaster the Gargoyle Berserker began the quest for the Orb.
     0 | D:1      | Reached XP level 1. HP: 14/14 MP: 1/1
    81 | D:1      | Reached XP level 2. HP: 16/19 MP: 2/2
   303 | D:1      | Reached skill level 4 in Maces & Flails
   422 | D:1      | Reached XP level 3. HP: 18/23 MP: 3/3
   506 | D:1      | Reached ** piety under Trog
   924 | D:1      | Found a glowing golden altar of the Shining One.
  1114 | D:2      | Reached XP level 4. HP: 26/28 MP: 4/4
  1475 | D:2      | Reached skill level 5 in Maces & Flails
  1570 | D:2      | Noticed Jessica
  1577 | D:2      | Killed Jessica
  1898 | D:3      | Reached XP level 5. HP: 32/32 MP: 5/5
  1995 | D:3      | Reached *** piety under Trog
  2070 | D:3      | Reached skill level 6 in Maces & Flails
  2322 | D:3      | Reached XP level 6. HP: 37/37 MP: 6/6
  2452 | D:4      | Noticed a slave
  2452 | D:4      | Noticed a slave
  2454 | D:4      | Noticed Pikel
  2624 | D:4      | Reached skill level 7 in Maces & Flails
  2691 | D:4      | Found a glowing drain.
  2799 | D:4      | Noticed a slave
  2808 | D:4      | Noticed a slave
  2810 | D:4      | Killed a slave
  2815 | D:4      | Killed Pikel
  2815 | D:4      | Reached skill level 8 in Maces & Flails
  2815 | D:4      | Reached XP level 7. HP: 41/41 MP: 7/7
  2954 | D:5      | Entered Level 5 of the Dungeon
  2974 | D:5      | Found Recuab's Armour Emporium.
  3058 | D:5      | Reached skill level 9 in Maces & Flails
  3226 | D:5      | Noticed Sigmund
  3252 | D:5      | Killed Sigmund
  3252 | D:5      | Reached XP level 8. HP: 46/46 MP: 8/8
  3564 | D:6      | Noticed Menkaure
  3577 | D:6      | Reached skill level 10 in Maces & Flails
  3589 | D:6      | Killed Menkaure
  3596 | D:6      | Reached **** piety under Trog
  3862 | D:6      | Found a staircase to the Ecumenical Temple.
  3936 | D:6      | Found a basalt altar of Yredelemnul.
  4079 | D:6      | Noticed Edmund
  4104 | D:6      | Killed Edmund
  4212 | D:7      | Reached skill level 11 in Maces & Flails
  4244 | D:7      | Reached XP level 9. HP: 35/51 MP: 9/9
  4627 | D:7      | Reached skill level 12 in Maces & Flails
  5145 | D:7      | Found a runed door.
  5149 | D:7      | Noticed Crazy Yiuf
  5159 | D:7      | Killed Crazy Yiuf
  5223 | D:8      | Noticed Maurice
  5242 | D:8      | Killed Maurice
  5242 | D:8      | Reached skill level 13 in Maces & Flails
  5411 | D:8      | Reached XP level 10. HP: 53/56 MP: 10/10
  5604 | D:8      | Reached skill level 14 in Maces & Flails
  6337 | D:9      | Reached ***** piety under Trog
  6392 | D:9      | Found a staircase to the Orcish Mines.
  6392 | D:9      | Found Saschaur's Armour Boutique.
  6660 | D:9      | Reached skill level 15 in Maces & Flails
  6971 | D:9      | Found Viututh's General Store.
  7186 | D:5      | Bought the +1 plate armour of the King {*Contam Str+6 Int+4} for 655 gold pieces
  7286 | D:10     | Entered Level 10 of the Dungeon
  7337 | D:10     | Found an ancient bone altar of Kikubaaqudgha.
  7352 | D:10     | Noticed a hill giant
  7365 | D:10     | Killed a hill giant
  7408 | D:10     | Reached XP level 11. HP: 47/60 MP: 11/11
  7649 | D:10     | Received a gift from Trog
  7738 | D:10     | Found a staircase to the Lair.
  7747 | D:10     | Reached skill level 16 in Maces & Flails
  7808 | D:10     | Noticed Gastronok
  7833 | D:10     | Killed Gastronok
  8343 | D:11     | Noticed a green ugly thing
  8353 | D:11     | Killed a green ugly thing
  8381 | D:11     | Reached skill level 5 in Fighting
  8553 | D:11     | Found a flagged portal.
  8554 | D:11     | Noticed a hill giant
  8566 | D:11     | Killed a hill giant
  8897 | D:11     | Noticed a cyan ugly thing
  8902 | D:11     | Killed a cyan ugly thing
  8902 | D:11     | Reached skill level 5 in Armour
  9070 | D:12     | Noticed a hill giant
  9080 | D:12     | Killed a hill giant
  9179 | D:12     | Noticed a manticore
  9190 | D:12     | Killed a manticore
  9391 | D:12     | Reached XP level 12. HP: 36/71 MP: 12/12
  9852 | D:12     | Noticed Rupert
  9883 | D:12     | Killed Rupert
 10116 | Lair:1   | Entered Level 1 of the Lair of Beasts
 10181 | Lair:1   | Found a frozen archway.
 10243 | Lair:1   | Reached skill level 17 in Maces & Flails
 10368 | Lair:1   | Noticed an eight-headed hydra
 10382 | Lair:1   | Killed an eight-headed hydra
 10543 | Lair:1   | Noticed an eight-headed hydra
 10560 | Lair:1   | Killed an eight-headed hydra
 10926 | Lair:1   | Received a gift from Trog
 10936 | Lair:1   | Gained mutation: Your spells are a little harder to cast, but a little more powerful. [potion of beneficial mutation]
 11423 | Lair:2   | Noticed Harold
 11442 | Lair:2   | Killed Harold
 11442 | Lair:2   | Reached XP level 13. HP: 49/80 MP: 13/13
 12172 | Lair:3   | Found a staircase to the Swamp.
 12271 | Lair:3   | Reached skill level 10 in Fighting
 12311 | Lair:3   | Reached ****** piety under Trog
 12726 | Lair:4   | Reached skill level 10 in Armour
 12943 | Lair:4   | Found a staircase to the Snake Pit.
 13029 | Lair:4   | Received a gift from Trog
 13511 | Lair:4   | Got a translucent buckler
 13528 | Lair:4   | Identified the cursed +0 buckler "Isojum" {+Inv rF- Stlth+} (You found it on level 4 of the Lair of Beasts)
 13957 | Lair:5   | Reached skill level 18 in Maces & Flails
 14833 | Lair:5   | Gained mutation: Your large and strong wings let you fly indefinitely. [Gargoyle growth]
 14833 | Lair:5   | Reached XP level 14. HP: 85/90 MP: 4/14
 14839 | Lair:6   | Entered Level 6 of the Lair of Beasts
 14978 | Lair:6   | Noticed Snorg
 14987 | Lair:6   | Killed Snorg
 14995 | Lair:6   | Noticed Ryco's ghost (journeyman DsBe)
 15019 | Lair:6   | Killed Ryco's ghost
 15023 | Lair:6   | Received a gift from Trog
 15203 | Lair:6   | Found a viscous altar of Jiyva.
 15204 | Lair:6   | Found a staircase to the Slime Pits.
 15218 | Lair:6   | Noticed Nessos
 15222 | Lair:6   | Killed Nessos
 15892 | Lair:6   | Found a runed door.
 16096 | Lair:6   | Noticed Lasiace's ghost (journeyman OpTm)
 16141 | Lair:6   | Killed Lasiace's ghost
 16500 | Orc:1    | Entered Level 1 of the Orcish Mines
 16500 | Orc:1    | Noticed Erica
 16520 | Orc:1    | Killed Erica
 16586 | Orc:1    | Received a gift from Trog
 16877 | Orc:2    | Entered Level 2 of the Orcish Mines
 17174 | Orc:2    | Found Epsukimo's Antique Weapon Boutique.
 17231 | Orc:2    | Upgraded the game from 0.19-a0-1337-g9bf5fb0 to 0.19-a0-1454-g889e34b
 17251 | Orc:2    | Found a staircase to the Elven Halls.
 17480 | Orc:2    | Reached XP level 15. HP: 71/98 MP: 5/15
 17481 | Orc:2    | Noticed an orc warlord
 17497 | Orc:2    | Killed an orc warlord
 17633 | Orc:2    | Found Woomneuk's General Store.
 17912 | Orc:2    | Received a gift from Trog
 17917 | Orc:2    | Reached skill level 19 in Maces & Flails
 17985 | Orc:2    | Found Ydafrak's Book Emporium.
 18156 | Orc:2    | Found Deref's Antique Armour Shoppe.
 18171 | Orc:2    | Bought a pair of gloves for 112 gold pieces
 18634 | D:13     | Noticed Josephine
 18652 | D:13     | Killed Josephine
 18658 | D:13     | Noticed Frances
 18861 | D:13     | Found a gate to the Vaults.
 18915 | D:13     | Killed Frances
 19056 | D:13     | Noticed Erolcha
 19066 | D:13     | Killed Erolcha
 19330 | D:13     | Found a snail-covered altar of Cheibriados.
 19949 | D:14     | Found Oray's Food Boutique.
 20325 | D:14     | Received a gift from Trog
 20472 | D:15     | Entered Level 15 of the Dungeon
 20517 | D:15     | Slain by an ettin

Vault maps used:
D:1:      roderic_octagonal_star, minivault_25, tso_altar
D:2:      minmay_heptomino_h4, uniq_jessica
D:3:      grunt_ministairs_15, kennysheep_nub
D:4:      portal_sewer_entry_f, first_bread, uniq_pikel
D:5:      serial_shops, nicolae_shop_crystal, uniq_sigmund
D:6:      basic_altar, grunt_ministairs_6, uniq_menkaure, uniq_edmund
D:7:      wad_river_or_something, uniq_crazy_yiuf_cottage
D:8:      uniq_maurice
D:9:      orc_david_3, serial_shops, kennysheep_little_box
D:10:     grunt_lair_entry_orc_guard_hut, basic_altar,
          hangedman_pestilent_swarm, uniq_gastronok
D:11:     enter_bailey_3
D:12:     uniq_rupert
D:13:     david_vaults_5, basic_altar, kennysheep_generic_room_11,
          uniq_josephine, uniq_erolcha, uniq_frances
D:14:     serial_shops, nicolae_shop_stone, minmay_misc_feat_four_crosses
D:15:     hangedman_depths_entry_civil_slaughter, uniq_louise
Lair:1:   portal_ice_cave_entry_pillars_1, infiniplex_staircase_pool
Lair:2:   uniq_harold
Lair:3:   minmay_swamp_entry_swarm, serial_bayou_shore_b
Lair:4:   minmay_snake_entry_spellcaster
Lair:5:   grunt_megastairs_2
Lair:6:   wormcave, slime_altar_1, serial_bayou_shore_a, uniq_nessos, uniq_snorg
Orc:1:    uniq_erica
Orc:2:    grunt_orc_gardens, grunt_orc_garden, grunt_orc_garden,
          grunt_orc_garden, grunt_orc_garden, mines_bat_river

Skill      XL: |  1  2  3  4  5  6  7  8  9 10 11 12 13 14 15 |
---------------+----------------------------------------------+-----
Maces & Flails | 4 5 6 8 9 11 13 15 16 17 18 19 | 19.3
Fighting       | 6 9 11 13 14 | 14.0
Armour         | 5 8 11 12 14 | 14.0
Dodging        | |  1.5

Action                   |  1- 3 |  4- 6 |  7- 9 | 10-12 | 13-15 || total
-------------------------+-------+-------+-------+-------+-------++-------
Melee: Mace              |    94 |    36 |       |       |       ||   130
       Flail             |       |   188 |       |       |       ||   188
       Whip              |       |       |    95 |       |       ||    95
       Dire flail        |       |       |   201 |   839 |   567 ||  1607
       Great mace        |       |       |       |       |   614 ||   614
Invok: Berserk           |       |     1 |     5 |     1 |     4 ||    11
       Trog's Hand       |       |     1 |     1 |       |     4 ||     6
       Burn Spellbooks   |       |       |       |     1 |       ||     1
       Brothers in Arms  |       |       |       |       |     1 ||     1
 Abil: Fly               |       |       |       |       |     1 ||     1
Evoke: Wand              |       |       |       |     1 |     3 ||     4
  Use: Scroll            |       |     6 |    12 |    12 |    10 ||    40
       Potion            |       |       |       |     4 |     2 ||     6
  Eat: Chunk             |     1 |     6 |    12 |    24 |    37 ||    80
       Beef jerky        |       |       |     2 |       |       ||     2
       Bread ration      |       |       |     1 |       |       ||     1
       Royal jelly       |       |       |     1 |       |       ||     1
Armor: Animal skin       |    45 |    43 |       |       |       ||    88
       Chain mail        |       |    66 |    77 |       |       ||   143
       Leather armour    |       |    14 |       |       |       ||    14
       Ring mail         |       |     1 |       |       |       ||     1
       Plate armour      |       |       |    90 |   417 |   752 ||  1259
Dodge: Dodged            |    71 |   110 |   114 |   432 |   677 ||  1404
